 Dungeon Crawl Stone Soup version 0.30-a0-347-gf58ed5266c (webtiles) character file.

Game seed: 12339447063606188275

70 koil the Sneak (level 4, -10/21 HPs)
             Began as a Spriggan Enchanter on Nov 6, 2022.
             Was an Initiate of Wu Jian.
             Mangled by an ogre
             ... wielding a +0 giant spiked club
              (31 damage)
             ... on level 2 of the Dungeon.
             The game lasted 00:07:03 (1991 turns).

koil the Sneak (Spriggan Enchanter)                 Turns: 1991, Time: 00:07:04

Health: -10/21     AC:  2    Str: 10    XL:     4   Next: 3%
Magic:  7/10       EV: 17    Int: 18    God:    Wu Jian [......]
Gold:   115        SH:  0    Dex: 15    Spells: 1/9 levels left

rFire   . . .      SeeInvis +    p - +2 short sword (venom)
rCold   . . .      Faith    .    (no shield)
rNeg    . . .      Spirit   .    s - +0 robe
rPois   .          Reflect  .    (helmet restricted)
rElec   .          Harm     .    (no cloak)
rCorr   .          Rampage  .    (gloves unavailable)
Will    .....                    (boots unavailable)
Stlth   +++.......               (no amulet)
HPRegen 0.23/turn                m - +6 ring of strength
MPRegen 0.12/turn                (no ring)

@: very quick
A: very small, no large weapons, unfitting armour, see invisible, speed 3
a: Renounce Religion


You were on level 2 of the Dungeon.
You worshipped Wu Jian.
Wu Jian was noncommittal.
You visited 1 branch of the dungeon, and saw 2 of its levels.

You collected 115 gold pieces.

Inventory:

Hand Weapons
 a - a +1 dagger of venom
 d - a +1 dagger
 p - a +2 short sword of venom (weapon)
Armour
 b - a +0 robe
 s - a +0 robe (worn)
Magical Staves
 g - a staff of poison
Jewellery
 m - a +6 ring of strength (left hand)
Scrolls
 f - a scroll of poison {unknown}
 i - a scroll of torment {unknown}
 k - a scroll of magic mapping {unknown}
 l - a scroll of noise {unknown}
 n - a scroll of enchant armour {unknown}
 o - a scroll of identify {unknown}
 q - a scroll of amnesia {unknown}
Potions
 c - 2 potions of invisibility
 e - a potion of brilliance {unknown}
 h - a potion of mutation {unknown}
 j - 2 potions of heal wounds {unknown}
 r - a potion of magic {unknown}
 t - a potion of degeneration {unknown}


   Skills:
 + Level 0.8 Fighting
 + Level 1.7 Short Blades
 + Level 3.3 Dodging
 + Level 5.3 Stealth
 + Level 3.3 Spellcasting
 + Level 4.1 Hexes


You had one spell level left.
You knew the following spells:

 Your Spells              Type           Power      Damage    Failure   Level
a - Confusing Touch       Hex            17%        N/A       9%          3
b - Ensorcelled Hibernat  Hex/Ice        20%        N/A       11%         2
c - Dazzling Flash        Conj/Hex       20%        N/A       21%         3

Your spell library contained the following spells:

 Spells                   Type           Power      Damage    Failure   Level
 Tukima's Dance           Hex            17%        N/A       9%          3


Dungeon Overview and Level Annotations

Branches:
Dungeon (2/15)

Altars:
Wu Jian


Innate Abilities, Weirdness & Mutations

You are very small and have problems with some larger weapons.
You are too small for most types of armour.
You have supernaturally acute eyesight. (SInv)
You cover ground extremely quickly. (Speed+++)


Message History

Memorise Dazzling Flash, consuming 3 spell levels and leaving 1?
You start memorising the spell.
You continue memorising. x3
You finish memorising.
Spell assigned to 'c'.
The ogre shouts!
Cast which spell? (? or * to list)
Aiming: Ensorcelled Hibernation (safe; 11% risk of failure)
Press: ? - help, Shift-Dir - straight line, f - ogre
Aim: an ogre, wielding a +0 giant spiked club (chance to affect: 44%)
You miscast Ensorcelled Hibernation.
You are very lightly contaminated with residual magic.
Nothing appears to happen.
Casting: Ensorcelled Hibernation (safe; 11% risk of failure)
Confirm with . or Enter, or press ? or * to list all spells.
The spell is quite dangerous to miscast (9% risk of failure)!
Continue anyway? [Y]es or [N]o only, please.
The spell is quite dangerous to miscast (9% risk of failure)!
Continue anyway? [Y]es or [N]o only, please.
The spell is quite dangerous to miscast (9% risk of failure)!
Continue anyway?
Okay, then.
Unknown command.
Casting: Confusing Touch (quite dangerous; 9% risk of failure)
Confirm with . or Enter, or press ? or * to list all spells.
The spell is quite dangerous to miscast (9% risk of failure)!
Continue anyway? [Y]es or [N]o only, please.
The spell is quite dangerous to miscast (9% risk of failure)!
Continue anyway?
Okay, then.
Casting: Confusing Touch (quite dangerous; 9% risk of failure)
Confirm with . or Enter, or press ? or * to list all spells.
Aiming: Ensorcelled Hibernation (safe; 11% risk of failure)
Press: ? - help, Shift-Dir - straight line, f/p - ogre
Aim: an ogre, wielding a +0 giant spiked club (chance to affect: 44%)
The ogre looks drowsy...
Your magical contamination has completely faded away.
You lunge at the ogre, but your attack speed is too slow for a blow to land.
The helpless ogre fails to defend itself.
You puncture the ogre!
The ogre is heavily wounded.
The ogre hits you with a +0 giant spiked club!!
Ouch! That really hurt!
You die...

######รท#####.#
#.# #....
...).........#
#.# #....w#..
.######.######
#.# #.####### .#
#.# #.# . .# #.#
#.# # .# #.# #.#
.# #.# #.# .#
#.#############.#
##
#.........@O....#
#################


You could see an ogre.

Vanquished Creatures
  2 adders (D:2)
  3 worms (D:2)
  4 bats
  An endoplasm (D:1)
  5 giant cockroaches
  2 goblins
  7 hobgoblins
  2 quokkas (D:2)
  2 ball pythons
  5 frilled lizards
  5 kobolds
  2 rats
40 creatures vanquished.

Notes
Turn   | Place    | Note
-------+----------+-------------------------------------------
     0 | D:1      | koil the Spriggan Enchanter began the quest for the Orb.
     0 | D:1      | Reached XP level 1. HP: 9/9 MP: 5/5
   221 | D:1      | Reached XP level 2. HP: 8/13 MP: 6/6
  1066 | D:2      | Reached skill level 5 in Stealth
  1066 | D:2      | Reached XP level 3. HP: 17/17 MP: 8/8
  1357 | D:2      | Found an ornate altar of the Wu Jian Council.
  1373 | D:2      | Became a worshipper of the Wu Jian Council
  1698 | D:2      | Reached XP level 4. HP: 21/21 MP: 9/9
  1908 | D:2      | Noticed an ogre
  1958 | D:2      | Learned a level 3 spell: Confusing Touch
  1961 | D:2      | Learned a level 2 spell: Ensorcelled Hibernation
  1965 | D:2      | Learned a level 3 spell: Dazzling Flash
  1991 | D:2      | Mangled by an ogre

Illustrated notes

Levels and vault maps discovered:
D:1:      scummos_arrival_forest, layout_basic, chequers_big_river,
          minmay_heptomino_d4
D:2:      minmay_wonky_spiral, layout_basic, basic_altar

Skill      XL: |  1  2  3 |
---------------+----------+-----
Dodging        | 3 |  3.3
Spellcasting   | 3 |  3.3
Stealth        | 5 |  5.3
Hexes          | 4 |  4.1
Fighting       | |  0.8
Short Blades   | |  1.7

Action                   |  1- 3 |  4- 6 || total
-------------------------+-------+-------++-------
Melee: Dagger            |    55 |       ||    55
       Short sword       |    28 |     5 ||    33
 Cast: Ensorcelled Hiber |       |     1 ||     1
Invok: Lunge             |     1 |     1 ||     2
 Stab: Sleeping          |    15 |     1 ||    16
       Distracted        |     1 |       ||     1
Armor: Robe              |     9 |       ||     9
Dodge: Dodged            |    52 |     3 ||    55

Table legend: (Time is in decaauts)
 A = Elapsed time spent in this place.
 B = Non-inter-level travel time spent in this place.
 C = Inter-level travel time spent in this place.
 D = Time resting spent in this place.
 E = Time spent auto-exploring this place.
 F = Levels seen in this place.
 G = Mean time per level.
                   A        B        C        D        E       F      G
               +--------+--------+--------+--------+--------+-----+--------+
         Total |   1304 |   1290 |     14 |      0 |    980 |   2 |  652.0 |
       Dungeon |   1304 |   1290 |     14 |      0 |    980 |   2 |  652.0 |
               +--------+--------+--------+--------+--------+-----+--------+

Top non-repeatable levels by time:
     D:1: 675 daAuts
     D:2: 629 daAuts
